 Dungeon Crawl Stone Soup version 0.20-a0-876-g2c7b0bf (webtiles) character file.

1572 GlassEater the Slicer (level 9, 0/56 HPs)
             Began as a Kobold Berserker on Mar 15, 2017.
             Was a Priest of Trog.
             Splashed by an orc's acid (14 damage)
             ... on level 6 of the Dungeon.
             The game lasted 00:15:36 (5067 turns).

GlassEater the Slicer (Kobold Berserker)            Turns: 5067, Time: 00:15:37

Health: 0/56       AC:  1    Str: 19    XL:     9   Next: 13%
Magic:  9/9        EV: 22    Int:  8    God:    Trog [***...]
Gold:   284        SH:  0    Dex: 17    Spells: 8/8 levels left

rFire    . . .     SeeInvis .   a - +0 short sword
rCold    . . .     Gourm    .   k - +2 leather armour {MR+}
rNeg     . . .     Faith    .   (shield restricted)
rPois    .         Spirit   .   (no helmet)
rElec    .         Reflect  .   (no cloak)
rCorr    .         Harm     .   (no gloves)
MR       +....                  (no boots)
Stlth    +++.......             (no amulet)
Regen    0.2/turn               w - +4 ring of evasion
MPRegen  0.2/turn               g - +4 ring of strength

@: exhausted, corroded, slowed, very slow
A: carnivore 3
a: Berserk, Trog's Hand, Burn Spellbooks, Renounce Religion


You were on level 6 of the Dungeon.
You worshipped Trog.
Trog was most pleased with you.
You were very full.

You visited 1 branch of the dungeon, and saw 7 of its levels.

You collected 284 gold pieces.

Inventory:

Hand Weapons
 a - a +0 short sword (weapon)
Missiles
 x - 23 bolts
Armour
 k - a +2 leather armour of magic resistance (worn)
 C - a +0 shield
Jewellery
 g - a +4 ring of strength (left hand)
 w - a +4 ring of evasion (right hand)
Wands
 d - a wand of clouds (4/9)
 E - a wand of lightning (8/15)
Scrolls
 b - a scroll of immolation {unknown}
 f - 2 scrolls of amnesia {unknown}
 h - 2 scrolls of fear {unknown}
 r - 3 scrolls of enchant weapon
 s - 3 scrolls of teleportation {unknown}
 t - 2 scrolls of recharging {unknown}
 v - 2 scrolls of magic mapping {unknown}
 A - a scroll of torment {unknown}
 B - a scroll of identify
 F - a scroll of remove curse {unknown}
 G - a scroll of blinking {unknown}
Potions
 e - a potion of brilliance {unknown}
 i - 3 potions of haste
 j - a potion of agility
 l - a potion of magic {unknown}
 m - a potion of curing {unknown}
 n - 3 potions of cancellation
 o - a potion of ambrosia
 p - 3 potions of might
 u - a potion of heal wounds
 z - a potion of berserk rage {unknown}
Books
 q - a book of Misfortune

   Spells                             Type                      Level
   a - Confusing Touch                Hexes                        1
   b - Confuse                        Hexes                        3
   c - Gell's Gravitas                Translocation                3
   d - Petrify                        Transmutation/Earth          4
   e - Metabolic Englaciation         Hexes/Ice                    5
   f - Yara's Violent Unravelling     Hexes/Transmutation          5
   Trog disapproves of the use of such an item.
 y - a book of Flames (quivered)

   Spells                             Type                      Level
   a - Flame Tongue                   Conjuration/Fire             1
   b - Throw Flame                    Conjuration/Fire             2
   c - Conjure Flame                  Conjuration/Fire             3
   d - Inner Flame                    Hexes/Fire                   3
   e - Sticky Flame                   Conjuration/Fire             4
   f - Fireball                       Conjuration/Fire             5
   Trog disapproves of the use of such an item.
Comestibles
 c - a meat ration
 D - 7 chunks of flesh


   Skills:
 + Level 6.6 Fighting
 - Level 8.8 Short Blades
 - Level 2.8 Armour
 + Level 6.1 Dodging
 + Level 4.2 Stealth
 * Level 2.6 Shields


You had 8 spell levels left.
You didn't know any spells.

Dungeon Overview and Level Annotations

Branches:
Dungeon (7/15)             Temple (0/1) D:4

Altars:
Ashenzari
Cheibriados
Elyvilon
Gozag
Nemelex Xobeh
Trog
Uskayaw
Zin
The Shining One

Shops:
D:5 :*


Innate Abilities, Weirdness & Mutations

You are small and have problems with some larger weapons.
You are carnivorous and can eat meat at any time.


Message History

You closely miss the orc.
The orc is moderately wounded.
The orc misses you.
You hit the orc.
The orc is severely wounded.
The orc zaps a wand.
The bolt of acid hits the orc.
The orc is splashed with acid.
The acid corrodes the orc!
The orc dies!
The bolt of acid hits you! The acid corrodes you!
You are splashed with acid!
The acid burns!
It is a wand of acid (?/15).
The walls and floor vibrate strangely for a moment.
The orc hits you with a short sword. The orc misses you.
Things that are here:
a glaive; 17 gold pieces You hit the orc but do no damage.
The orc barely misses you.
You hit the orc but do no damage.
The orc zaps a wand.
The bolt of acid hits you!
* * * LOW HITPOINT WARNING * * *
You are splashed with acid!
The acid burns!
You die...

####### ..... #..#
#..# #..# .. #..#
..... #..#####.#
...... #..)@o...#
#.....#######.###.#.##
#.# #.......>.# .# #.#
#.......#....#
..####..........#...
..#...#...##...#..##
.......#..##..#..##
..#.....#....#...#
..###....#..#......


You could see an orc.

Vanquished Creatures
  The ghost of suddenbreakfast the Magician, a novice DEFE (D:6)
  An ice beast (D:4)
  A black bear (D:5)
  3 ogres
  A centaur (D:7)
  3 bullfrogs
  A scorpion (D:5)
  2 howler monkeys
  3 crimson imps (D:5)
  A quasit (D:5)
  A hound (D:5)
  An orc priest (D:4)
  An orc wizard (D:4)
  2 iguanas
  A worker ant (D:5)
  8 adders
  An ooze (D:1)
  3 worms
  2 dart slugs
  3 leopard geckos
  21 orcs
  4 bats
  3 giant cockroaches
  9 goblins
  6 hobgoblins
  8 jackals (D:1)
  4 quokkas
  5 frilled lizards
  A giant cockroach zombie (D:6)
  2 kobolds
  8 rats
111 creatures vanquished.

Vanquished Creatures (others)
  An orc (D:6)
1 creature vanquished.

Grand Total: 112 creatures vanquished

Notes
Turn   | Place    | Note
-------+----------+-------------------------------------------
     0 | D:1      | GlassEater the Kobold Berserker began the quest for the Orb.
     0 | D:1      | Reached XP level 1. HP: 14/14 MP: 1/1
   108 | D:1      | Found a sparkling altar of Nemelex Xobeh.
   276 | D:1      | Reached XP level 2. HP: 19/19 MP: 2/2
   441 | D:1      | Reached skill level 5 in Short Blades
   506 | D:1      | Reached XP level 3. HP: 23/23 MP: 3/3
  1084 | D:2      | Reached skill level 6 in Short Blades
  1084 | D:2      | Reached XP level 4. HP: 28/28 MP: 4/4
  1279 | D:2      | Reached ** piety under Trog
  1681 | D:2      | Reached skill level 7 in Short Blades
  1681 | D:2      | Reached XP level 5. HP: 27/32 MP: 5/5
  1819 | D:3      | Found a shattered altar of Ashenzari.
  2098 | D:3      | Found a bloodstained altar of Trog.
  2283 | D:3      | Found a glowing golden altar of the Shining One.
  2482 | D:4      | Noticed an ice beast
  2491 | D:4      | Killed an ice beast
  2491 | D:4      | Reached skill level 8 in Short Blades
  2491 | D:4      | Reached XP level 6. HP: 37/37 MP: 6/6
  2592 | D:4      | Found a hide-covered altar of Uskayaw.
  2592 | D:4      | Found a snail-covered altar of Cheibriados.
  2597 | D:4      | Found an opulent altar of Gozag.
  2599 | D:4      | Found a sparkling altar of Nemelex Xobeh.
  2601 | D:4      | Found a white marble altar of Elyvilon.
  2872 | D:4      | Reached *** piety under Trog
  2886 | D:4      | Reached skill level 1 in Stealth
  3187 | D:4      | Found a staircase to the Ecumenical Temple.
  3278 | D:4      | Noticed an ogre
  3282 | D:4      | Killed an ogre
  3282 | D:4      | Reached XP level 7. HP: 42/42 MP: 7/7
  3427 | D:5      | Entered Level 5 of the Dungeon
  3514 | D:5      | Found Zin's Purification Station.
  3517 | D:5      | Found a glowing silver altar of Zin.
  3779 | D:5      | Reached XP level 8. HP: 48/48 MP: 8/8
  3986 | D:5      | Reached skill level 5 in Fighting
  4081 | D:5      | Found Ykocebud's Book Boutique.
  4204 | D:5      | Reached skill level 1 in Shields
  4322 | D:6      | Noticed suddenbreakfast's ghost (novice DEFE)
  4607 | D:7      | Reached skill level 5 in Dodging
  4889 | D:6      | Killed suddenbreakfast's ghost
  4978 | D:6      | Reached XP level 9. HP: 55/55 MP: 9/9
  5067 | D:6      | Splashed by an orc's acid

Vault maps used:
D:1:      roderic_chinese_lattice_arrival, nemelex_diamond_rough_becter
D:3:      lemuel_upstairs_altar, nicolae_overflow_hidden_temple,
          nicolae_tso_carved_into_rock, nicolae_ashenzari_panopticon
D:4:      chequers_temple_overflow_minitemple, minmay_temple_entry_poolview,
          serial_glass, glass_columns_a, glass_columns_c
D:5:      zin_purify, first_bread, serial_shops, nicolae_shop_behind_doors
D:6:      palyth_temple_overflow_mages, portal_sewer_entry_d, minivault_26,
          hangedman_minor_gate_pass

Skill      XL: |  1  2  3  4  5  6  7  8  9 |
---------------+----------------------------+-----
Short Blades   | 5 6 7 8 |  8.8
Stealth        | 1 3 4 |  4.2
Armour         | 2 |  2.8
Dodging        | 3 4 5 6 |  6.1
Fighting       | 4 6 |  6.6
Shields        | 2 |  2.6

Action                   |  1- 3 |  4- 6 |  7- 9 || total
-------------------------+-------+-------+-------++-------
Melee: Short sword       |    90 |   213 |   200 ||   503
Invok: Berserk           |     1 |     2 |     9 ||    12
  Use: Scroll            |       |       |     9 ||     9
 Stab: Sleeping          |     1 |     1 |     1 ||     3
  Eat: Chunk             |     9 |     9 |    15 ||    33
Armor: Animal skin       |     2 |       |       ||     2
       Leather armour    |    22 |    28 |    30 ||    80
Dodge: Dodged            |    63 |   110 |   154 ||   327
